AoeStats
← ephesus

Arena

507527497Analyzed
4v4 RM · 12d ago on Sep 18, 2026· 21m 44s· 8 players
Game mode
Random Map
Map size
Large (8 player)
Population
200
Speed
Normal
Resources
Standard
Victory
Conquest
Starting age
Dark Age
Ending age
Imperial Age
RankedLock teamsTeams togetherTeam positionsShared explorationLock speedFull tech treeHidden civsTurbo modeCheats
Victory
Defeat
🇨🇦 Bohemians · Canada
1043
+10
🇹🇷 Teutons · Türkiye
953
+13
🇨🇦 Britons · Canada
941
+14
🇹🇷 Khitans · Türkiye
926
+14
963
-16
🇺🇸 Britons · United States
896
-13
🇺🇸 Turks · United States
883
-12
🇫🇷 Celts · France
827
-10
DPtheBananaKing
14:08 Feudal Age
Gut Check
12:33 Feudal Age
18:35 Castle Age
16:52 Fletching
17:04 Padded Archer Armor
16:52 Double-Bit Axe
16:50 Horse Collar
ナンゴン ウェニア
8:41 Feudal Age
7:06 Loom
10:26 Town Watch
16:17 Fletching
SexeDeGrenouille
0:56 Loom
13:04 Feudal Age
14:39 Wheelbarrow
15:03 Town Watch
19:42 Man-at-Arms
22:32 Castle Age
canKO
11:04 Feudal Age
11:41 Loom
12:34 Fletching
18:20 Castle Age
ephesus
13:09 Feudal Age
11:48 Loom
13:22 Man-at-Arms
20:43 Castle Age
osmanars
8:49 Loom
11:31 Feudal Age
16:18 Fletching
borabasokspb
11:46 Feudal Age
12:53 Loom
19:37 Castle Age
20:49 Wheelbarrow
Connection lost

Rejoining the realm…

Still unreachable

The connection could not be restored.

Session expired

The server has moved on; the page needs a fresh start.